[Event "Titled Tuesday Blitz February 15 Late 2022"]
[White "Herrera Reyes, Jose Antonio"]
[Black "Petrosyan, Manuel"]
[WhiteFideId "2274914"]
[BlackFideId "13300857"]
[WhiteElo "2579"]
[BlackElo "2840"]
[Result "0-1"]
[Round "02"]
[TimeControl "180+1"]
[Date "2022.02.16"]
[WhiteClock "0:01:40"]
[BlackClock "0:01:11"]

1. Nf3 d5 2. g3 Nc6 3. Bg2 e5 4. O-O Be6 5. d3 Qd7 6. Ng5 Bg4 7. h3 Bh5 8. g4 Bg6 9. c4 dxc4 10. dxc4 O-O-O 11. Qxd7+ Rxd7 12. Nc3 Nd4 13. Nf3 Nc2 14. Rb1 f6 15. Nh4 Bf7 16. Be4 Nd4 17. e3 Ne6 18. b4 Ne7 19. Bg2 h5 20. Nf5 hxg4 21. hxg4 Nxf5 22. gxf5 Ng5 23. Nd5 c6 24. f4 Nh3+ 25. Bxh3 Rxh3 26. Kg2 Rh5 27. fxe5 fxe5 28. Nc3 Bxc4 29. Rf2 Rg5+ 30. Kh1 Be7 31. e4 Rg3 32. Bb2 Bxb4 33. Rg1 Rxg1+ 34. Kxg1 Bc5 35. Kg2 Bxf2 36. Kxf2 Rd2+ 0-1


[Site "https://www.chess.com"]

[Event "Titled Tuesday Blitz February 15 Late 2022"]
[White "Hess, Robert"]
[Black "Goltseva, Ekaterina"]
[WhiteFideId "2022036"]
[BlackFideId "24173770"]
[WhiteElo "2557"]
[BlackElo "2140"]
[Result "1-0"]
[Round "02"]
[TimeControl "180+1"]
[Date "2022.02.16"]
[WhiteClock "0:00:06"]
[BlackClock "0:00:58"]

1. b3 e5 2. Bb2 Nc6 3. d3 Nf6 4. Nd2 d5 5. e3 Bb4 6. a3 Bd6 7. Ne2 O-O 8. h3 Be6 9. g4 Nd7 10. Ng3 Ne7 11. Bg2 c6 12. Nf3 f6 13. Qe2 Qc7 14. O-O e4 15. Nd4 Bf7 16. Ngf5 Nxf5 17. Nxf5 exd3 18. cxd3 Be5 19. d4 Bd6 20. Bc3 Rae8 21. Nxd6 Qxd6 22. Bb4 c5 23. dxc5 Nxc5 24. Rfd1 b6 25. Rac1 Rc8 26. Qb5 a6 27. Qxa6 Nxa6 28. Bxd6 Rfd8 29. Rxc8 Rxc8 30. b4 Rc3 31. Bf1 Nc7 32. a4 Ne8 33. Bg3 f5 34. gxf5 Nf6 35. a5 bxa5 36. bxa5 Ra3 37. a6 Ne4 38. Be5 Ra2 39. Ra1 d4 40. Rxa2 Bxa2 41. a7 Bd5 42. Bc4 Bxc4 43. a8=Q+ Kf7 44. Qxe4 dxe3 45. Qb7+ Ke8 46. Qc8+ Ke7 47. Qxc4 e2 48. Qxe2 Kf8 49. Qc4 Ke8 50. Qe6+ Kd8 51. Bxg7 h5 52. f6 h4 53. f7 Kc7 54. Be5+ Kb7 55. Qd7+ Ka8 56. f8=Q# 1-0


[Site "https://www.chess.com"]

[Event "Titled Tuesday Blitz February 15 Late 2022"]
[White "Hoffmann, Asa"]
[Black "Domingo Nunez, Alejandro"]
[WhiteFideId "2001470"]
[BlackFideId "22245561"]
[WhiteElo "2117"]
[BlackElo "2215"]
[Result "0-1"]
[Round "02"]
[TimeControl "180+1"]
[Date "2022.02.16"]
[WhiteClock "0:01:09"]
[BlackClock "0:02:17"]

1. d4 Nf6 2. Bg5 e6 3. Nd2 c5 4. e3 b6 5. c3 Bb7 6. Ngf3 Be7 7. Bd3 O-O 8. O-O Nc6 9. Qe2 d6 10. h3 Nd5 11. Bxe7 Qxe7 12. a3 Rac8 13. Ba6 e5 14. Bxb7 Qxb7 15. c4 Nf6 16. d5 Ne7 17. e4 Nh5 18. g3 g6 19. Nh4 Qd7 20. Kg2 f5 21. exf5 Nxf5 22. Nxf5 Rxf5 23. Ne4 Rcf8 24. b4 Rf3 25. bxc5 Nf4+ 26. gxf4 Qxh3+ 27. Kg1 R8xf4 28. Qxf3 Qxf3 29. Ng3 bxc5 30. Rab1 h5 31. Rb8+ Kg7 32. Rd8 h4 0-1


[Site "https://www.chess.com"]

[Event "Titled Tuesday Blitz February 15 Late 2022"]
[White "Horak, Martin"]
[Black "Sanal, Vahap"]
[WhiteFideId "367095"]
[BlackFideId "6300545"]
[WhiteElo "1997"]
[BlackElo "2603"]
[Result "0-1"]
[Round "02"]
[TimeControl "180+1"]
[Date "2022.02.16"]
[WhiteClock "0:00:03"]
[BlackClock "0:00:46"]

1. d4 Nf6 2. c4 g6 3. g3 Bg7 4. Bg2 d6 5. Nc3 O-O 6. Nf3 Nc6 7. O-O a6 8. b3 Rb8 9. Bd2 Bd7 10. d5 Na7 11. Be3 c5 12. dxc6 Nxc6 13. h3 b5 14. cxb5 axb5 15. Nd4 Nxd4 16. Bxd4 Qc8 17. Kh2 e5 18. Ba7 Qxc3 19. Bxb8 Rxb8 20. Qxd6 Re8 21. a4 bxa4 22. bxa4 h5 23. a5 h4 24. g4 Qc4 25. e3 e4 26. a6 Nxg4+ 27. hxg4 Be5+ 28. Qxe5 Rxe5 29. a7 Re8 30. a8=Q Rxa8 31. Rxa8+ Kg7 32. Rd1 Bxg4 33. Rd4 Qc7+ 34. Kg1 h3 35. Bxe4 Qc1+ 36. Kh2 Qf1 37. Rd2 Qc4 38. Bh1 Qc7+ 39. Kg1 Qc1+ 0-1


[Site "https://www.chess.com"]

[Event "Titled Tuesday Blitz February 15 Late 2022"]
[White "Ibarra Jerez, Jose Carlos"]
[Black "Jakubowski, Krzysztof"]
[WhiteFideId "2226332"]
[BlackFideId "1112848"]
[WhiteElo "2626"]
[BlackElo "2365"]
[Result "0-1"]
[Round "02"]
[TimeControl "180+1"]
[Date "2022.02.15"]
[WhiteClock "0:00:04"]
[BlackClock "0:00:40"]

1. e4 c5 2. b3 b6 3. Bb2 Bb7 4. Nc3 Nc6 5. h4 e6 6. h5 h6 7. Nf3 a6 8. d4 cxd4 9. Nxd4 Qc7 10. Nxc6 Qxc6 11. a3 Rc8 12. Bd3 Be7 13. f4 Bf6 14. e5 Qxg2 15. Qe2 Qxh1+ 16. Kd2 Qf3 17. Qxf3 Bxf3 18. exf6 Nxf6 19. Bxa6 Rc5 20. Na4 Rxh5 21. Nxb6 Rh2+ 22. Ke3 Bc6 23. Bxf6 gxf6 24. Bd3 Rg8 25. b4 e5 26. fxe5 fxe5 27. Be2 Rg3+ 28. Kd2 Bf3 29. Re1 Rgg2 30. Kc3 Rxe2 31. Rg1 Rxc2+ 32. Kb3 Rcg2 33. Rf1 Rg3 34. Ka4 Rb2 35. Ka5 Bg2 36. Ra1 h5 37. Nc4 Rf2 38. Nd6+ Ke7 39. Rd1 Rxa3+ 40. Kb6 Rb3 41. b5 Ke6 42. Nc8 d5 43. Rc1 d4 44. Rc7 Rfb2 45. Re7+ Kf6 46. Kc7 Rxb5 47. Kd8 Rd5+ 48. Ke8 Kg5 49. Rxf7 d3 50. Rg7+ Kh4 51. Ne7 Rb8+ 52. Kf7 Rb7 53. Rxg2 Rxe7+ 54. Kf6 d2 55. Kxe7 d1=Q 56. Rh2+ Kg3 57. Rh1 Rd7+ 58. Ke8 Rd8+ 59. Kf7 Qd7+ 60. Kg6 Rg8+ 61. Kf6 Qg7+ 62. Kf5 Qg4+ 63. Kf6 Rg6+ 64. Ke7 Qe6+ 65. Kf8 Rg8# 0-1


[Site "https://www.chess.com"]

[Event "Titled Tuesday Blitz February 15 Late 2022"]
[White "Iskusnyh, Sergei"]
[Black "Tang, Andrew"]
[WhiteFideId "4120027"]
[BlackFideId "2059630"]
[WhiteElo "2492"]
[BlackElo "2584"]
[Result "0-1"]
[Round "02"]
[TimeControl "180+1"]
[Date "2022.02.15"]
[WhiteClock "0:00:01"]
[BlackClock "0:00:04"]

1. d4 d5 2. c4 e6 3. Nf3 Nf6 4. g3 dxc4 5. Bg2 Nc6 6. O-O Rb8 7. e3 Be7 8. Qe2 b5 9. b3 Ba6 10. bxc4 bxc4 11. Nc3 O-O 12. Rd1 Nd5 13. Bd2 Rb2 14. Qf1 Bb4 15. Ne4 Bxd2 16. Nfxd2 Ncb4 17. Nc5 Qc8 18. Nxa6 Qxa6 19. Nxc4 Rxa2 20. Rxa2 Nxa2 21. Ra1 Ndc3 22. Ne5 Qa3 23. Bf3 a5 24. Be2 a4 25. Bd3 Qb2 26. Re1 a3 27. Qh3 h6 28. Ng4 Qd2 29. Nxh6+ gxh6 30. Qxh6 Qxd3 31. e4 Nxe4 32. Qf4 Nd6 0-1


[Site "https://www.chess.com"]

[Event "Titled Tuesday Blitz February 15 Late 2022"]
[White "Jaferian, Koosha"]
[Black "Todorovic, Bojan"]
[WhiteFideId "12507440"]
[BlackFideId "917087"]
[WhiteElo "2027"]
[BlackElo "2266"]
[Result "1-0"]
[Round "02"]
[TimeControl "180+1"]
[Date "2022.02.16"]
[WhiteClock "0:00:27"]
[BlackClock "0:00:11"]

1. e4 g6 2. d4 Bg7 3. Nc3 d6 4. Be3 a6 5. g4 b5 6. Bg2 Bb7 7. h4 b4 8. Nce2 Nf6 9. Ng3 h5 10. g5 Ng4 11. Bf4 e5 12. dxe5 Nxe5 13. N1e2 Nbd7 14. O-O O-O 15. Be3 Ng4 16. Bd4 Nde5 17. f4 c5 18. Bxe5 dxe5 19. f5 Ne3 20. Qxd8 Rfxd8 21. Rf2 Nxc2 22. Rc1 Nd4 23. Rxc5 Rac8 24. Rxc8 Rxc8 25. Nxd4 exd4 26. f6 Bf8 27. e5 Bxg2 28. Kxg2 d3 29. Kf3 Rc2 30. Ne4 a5 31. Ke3 Rxf2 32. Kxf2 a4 33. Ke3 b3 34. a3 Bb4 35. axb4 a3 36. bxa3 1-0


[Site "https://www.chess.com"]

[Event "Titled Tuesday Blitz February 15 Late 2022"]
[White "Jaracz, Pawel"]
[Black "Osmonbekov, Talaibek"]
[WhiteFideId "1102222"]
[BlackFideId "2017253"]
[WhiteElo "2429"]
[BlackElo "2135"]
[Result "1-0"]
[Round "02"]
[TimeControl "180+1"]
[Date "2022.02.16"]
[WhiteClock "0:00:32"]
[BlackClock "0:00:02"]

1. c4 e5 2. Nc3 d6 3. g3 f5 4. Bg2 Nf6 5. d3 Be7 6. e4 O-O 7. Nge2 c6 8. O-O Qe8 9. h3 a5 10. Be3 Na6 11. exf5 Bxf5 12. d4 Nb4 13. g4 Bg6 14. Ng3 Bd3 15. Re1 Bxc4 16. dxe5 dxe5 17. Nce4 Rd8 18. Qc1 Ba6 19. Nxf6+ Rxf6 20. Ne4 Rf8 21. Rd1 Rxd1+ 22. Qxd1 Qd8 23. Qb3+ Kh8 24. Rd1 Qe8 25. Nd6 Qg6 26. Be4 Qf6 27. g5 Qxd6 28. Rxd6 Bxd6 29. Qe6 Bb8 30. Bc5 Rd8 31. Qe7 Rg8 32. g6 h6 33. Bf5 Nd3 34. Be6 Nxc5 35. Bxg8 Ne4 36. Be6 Nf6 37. Qf8+ 1-0


[Site "https://www.chess.com"]

[Event "Titled Tuesday Blitz February 15 Late 2022"]
[White "Jimenez Fernandez, Rebeca"]
[Black "Suarez Uriel, Adrian"]
[WhiteFideId "32070934"]
[BlackFideId "22230874"]
[WhiteElo "1853"]
[BlackElo "2316"]
[Result "0-1"]
[Round "02"]
[TimeControl "180+1"]
[Date "2022.02.16"]
[WhiteClock "0:00:06"]
[BlackClock "0:01:54"]

1. e4 c5 2. Nc3 Nc6 3. g3 h5 4. Bg2 h4 5. d3 d6 6. Bg5 h3 7. Bf1 Nf6 8. Qd2 g6 9. f4 Bg7 10. O-O-O b5 11. Nd5 Nxd5 12. exd5 Nb4 13. Re1 Nxd5 14. Be2 Be6 15. Bf3 Nf6 16. Bc6+ Kf8 17. Bxa8 Qxa8 18. Ne2 b4 19. Rhf1 Qd5 20. b3 Ng4 21. Ng1 Qd4 22. Kd1 Qb2 23. Rxe6 fxe6 24. Qe2 Qa1+ 25. Kd2 Bc3# 0-1


[Site "https://www.chess.com"]

[Event "Titled Tuesday Blitz February 15 Late 2022"]
[White "Jobava, Baadur"]
[Black "Quirke, Jeffrey"]
[WhiteFideId "13601520"]
[BlackFideId "2013029"]
[WhiteElo "2617"]
[BlackElo "2191"]
[Result "1-0"]
[Round "02"]
[TimeControl "180+1"]
[Date "2022.02.16"]
[WhiteClock "0:02:09"]
[BlackClock "0:01:08"]

1. d4 d5 2. Nc3 e6 3. Bf4 a6 4. e3 Nf6 5. a3 c5 6. h3 cxd4 7. exd4 Nc6 8. Nf3 Bd6 9. Bxd6 Qxd6 10. Bd3 Bd7 11. O-O O-O 12. Re1 b5 13. Qd2 Rfc8 14. Re3 Ne7 15. Ne5 Be8 16. Rae1 Rab8 17. Rg3 Ng6 18. h4 a5 19. Qg5 b4 20. axb4 axb4 21. Ne2 h6 22. Qe3 Nh5 23. Rg4 Nxe5 24. dxe5 Qc5 25. Qxh6 1-0


[Site "https://www.chess.com"]

[Event "Titled Tuesday Blitz February 15 Late 2022"]
[White "Kaasen, Tor Fredrik"]
[Black "Stanisz, Patryk"]
[WhiteFideId "1516647"]
[BlackFideId "1123106"]
[WhiteElo "2335"]
[BlackElo "1876"]
[Result "1-0"]
[Round "02"]
[TimeControl "180+1"]
[Date "2022.02.16"]
[WhiteClock "0:01:49"]
[BlackClock "0:00:24"]

1. c4 f5 2. Nc3 Nf6 3. g3 d6 4. Bg2 g6 5. d4 Bg7 6. Nf3 O-O 7. O-O c6 8. b4 Bd7 9. Bb2 Qe8 10. a4 a6 11. d5 h6 12. Nd4 g5 13. Qc2 Ng4 14. Rad1 Qh5 15. h3 Ne5 16. dxc6 Nbxc6 17. Nd5 f4 18. Nxc6 bxc6 19. Nxe7+ Kh8 20. Bxe5 Bxe5 21. Ng6+ Kg7 22. Nxe5 Bxh3 23. Bxh3 dxe5 24. Rd7+ Rf7 25. Rxf7+ Qxf7 26. Rd1 Re8 27. Qf5 Re7 28. Qxf7+ Kxf7 29. Rd6 Rb7 30. Rd7+ Rxd7 31. Bxd7 c5 32. b5 Ke7 33. bxa6 1-0


[Site "https://www.chess.com"]

[Event "Titled Tuesday Blitz February 15 Late 2022"]
[White "Karttunen, Mika"]
[Black "Svane, Frederik"]
[WhiteFideId "502081"]
[BlackFideId "12923044"]
[WhiteElo "2343"]
[BlackElo "2459"]
[Result "0-1"]
[Round "02"]
[TimeControl "180+1"]
[Date "2022.02.16"]
[WhiteClock "0:00:11"]
[BlackClock "0:00:04"]

1. d4 Nf6 2. c4 e6 3. Nf3 d5 4. g3 Bb4+ 5. Bd2 Be7 6. Bg2 O-O 7. Qc2 c6 8. O-O b6 9. Bf4 Bb7 10. Nbd2 Nbd7 11. e4 dxe4 12. Nxe4 Nxe4 13. Qxe4 Nf6 14. Qc2 c5 15. Rad1 Qc8 16. Rfe1 Re8 17. Bg5 h6 18. Bf4 Bc6 19. Ne5 Bxg2 20. Kxg2 Qb7+ 21. f3 Red8 22. Be3 cxd4 23. Bxd4 Rac8 24. Qe2 Qa6 25. b3 Qb7 26. Bb2 Bb4 27. Rxd8+ Rxd8 28. Rd1 Rxd1 29. Qxd1 Be7 30. a3 b5 31. cxb5 Qxb5 32. Qd3 Qb7 33. b4 Nd5 34. Ng4 Qc7 35. Qd4 Qc2+ 36. Kh3 Bf6 37. Nxf6+ gxf6 38. Qc3 Nxc3 0-1


[Site "https://www.chess.com"]

[Event "Titled Tuesday Blitz February 15 Late 2022"]
[White "Kavyev, Ruslan"]
[Black "Adury, Anant"]
[WhiteFideId "34110981"]
[BlackFideId "30964687"]
[WhiteElo "2182"]
[BlackElo "2342"]
[Result "1-0"]
[Round "02"]
[TimeControl "180+1"]
[Date "2022.02.16"]
[WhiteClock "0:00:11"]
[BlackClock "0:00:08"]

1. d4 Nf6 2. c4 e6 3. g3 Bb4+ 4. Bd2 a5 5. Bg2 O-O 6. Nf3 Nc6 7. O-O d6 8. Nc3 e5 9. a3 Bxc3 10. Bxc3 Qe7 11. e3 Bg4 12. Qc2 Bh5 13. Nh4 Bg6 14. Nxg6 hxg6 15. b3 Rfe8 16. Rad1 exd4 17. exd4 Qd7 18. h3 d5 19. Kh2 a4 20. Bb2 axb3 21. Qxb3 Na5 22. Qb5 Nxc4 23. Qb3 Nxb2 24. Qxb2 b5 25. Rc1 c6 26. Rc2 Rec8 27. Rfc1 Ne8 28. Re2 Nd6 29. Rce1 Nc4 30. Qc1 Re8 31. Qg5 Rxe2 32. Rxe2 Re8 33. Qg4 Qd8 34. Ra2 Qf6 35. Qd7 Re1 36. a4 b4 37. Qc8+ Kh7 38. Qb7 Rb1 39. Re2 b3 40. Qb8 g5 41. Qc8 b2 42. Qb8 Ra1 43. Rxb2 Nxb2 44. Qxb2 Re1 45. a5 Re7 46. a6 Ra7 47. Qb6 Qe7 48. Qxc6 Qd7 49. Qb6 g6 50. Bxd5 Rxa6 51. Qxa6 Qxd5 52. Qb6 Qf3 53. Qb2 Qd1 54. Qc3 Qe2 55. Qe3 Qd1 56. Qe5 Qd2 57. Qe3 Qd1 58. Kg2 Kg7 59. g4 Kg8 60. Qe8+ Kg7 61. Qe5+ Kh7 62. Qe4 Kg8 63. d5 Kf8 64. Qe5 Qd3 65. Qxg5 Qe4+ 66. Kg3 Qd3+ 67. Kg2 Qe4+ 68. Kg1 Qb1+ 69. Kh2 Qc2 70. Qf4 Qd3 71. d6 Ke8 72. Qf6 Kf8 73. Kg2 Qd5+ 74. Kh2 Kg8 75. Qd8+ Kg7 76. Qe7 Qf3 77. Qe5+ Kg8 78. Qg3 Qd5 79. g5 Kg7 80. h4 Kg8 81. Qf4 Kh7 82. Kg3 Kg8 83. Kg4 Qd1+ 84. Kg3 Qd3+ 85. Kg2 Qd5+ 86. Qf3 Qxd6 87. Qg3 Qd5+ 88. Qf3 Qd6 89. Kh3 Qe6+ 90. Kg3 Qd6+ 91. Qf4 Qe6 92. Kf3 Qb3+ 93. Ke4 Qb7+ 94. Kd4 Qb4+ 95. Ke5 Qb8+ 96. Ke4 Qb7+ 97. Ke3 Qb3+ 98. Ke2 Qc2+ 99. Kf1 Qc4+ 100. Qxc4 1-0


[Site "https://www.chess.com"]

[Event "Titled Tuesday Blitz February 15 Late 2022"]
[White "Khumalo, Keith"]
[Black "Sorokin, Aleksey"]
[WhiteFideId "14319470"]
[BlackFideId "24176460"]
[WhiteElo "1992"]
[BlackElo "2476"]
[Result "0-1"]
[Round "02"]
[TimeControl "180+1"]
[Date "2022.02.15"]
[WhiteClock "0:02:18"]
[BlackClock "0:01:08"]

1. d4 Nf6 2. c4 g6 3. Nc3 d5 4. Bg5 Bg7 5. Bxf6 Bxf6 6. cxd5 c5 7. Nf3 cxd4 8. Nxd4 Qb6 9. Nb3 a5 10. a4 O-O 11. e4 Na6 12. Bb5 Nc7 13. Qe2 Bxc3+ 14. bxc3 e6 15. c4 Nxb5 16. axb5 exd5 17. exd5 a4 18. O-O Bg4 19. Qxg4 axb3 20. Rab1 Ra3 21. g3 Qc5 22. Rfc1 Re8 23. Qf3 b2 24. Rc3 Ra1 25. Qd1 Re2 26. Rf3 Rxb1 27. Qxb1 Qb4 28. Re3 Rxe3 29. fxe3 Qa3 30. Qe4 Qa1+ 0-1


[Site "https://www.chess.com"]

[Event "Titled Tuesday Blitz February 15 Late 2022"]
[White "Komissarov, Alexey"]
[Black "Antolak, Julia"]
[WhiteFideId "4176545"]
[BlackFideId "1159569"]
[WhiteElo "2216"]
[BlackElo "2104"]
[Result "0-1"]
[Round "02"]
[TimeControl "180+1"]
[Date "2022.02.16"]
[WhiteClock "0:00:43"]
[BlackClock "0:01:22"]

1. e4 c5 2. d4 cxd4 3. c3 dxc3 4. Nxc3 d6 5. Nf3 Nf6 6. Bc4 e6 7. O-O Be7 8. Qe2 O-O 9. Rd1 Qa5 10. Bf4 e5 11. Bd2 Qc7 12. Rac1 Nc6 13. Nd5 Qd8 14. Nxe7+ Qxe7 15. h3 h6 16. b4 a6 17. a4 Be6 18. b5 axb5 19. axb5 Na5 20. Bxe6 Qxe6 21. Bb4 Rfd8 22. Rc7 b6 23. Bxa5 bxa5 24. Rc6 a4 25. b6 a3 26. b7 Rab8 27. Rcxd6 Rxd6 0-1


[Site "https://www.chess.com"]

[Event "Titled Tuesday Blitz February 15 Late 2022"]
[White "Kosteniuk, Alexandra"]
[Black "Dounis, Alexandros"]
[WhiteFideId "4128125"]
[BlackFideId "4213238"]
[WhiteElo "2469"]
[BlackElo "2195"]
[Result "1-0"]
[Round "02"]
[TimeControl "180+1"]
[Date "2022.02.16"]
[WhiteClock "0:01:16"]
[BlackClock "0:00:11"]

1. e4 e5 2. f4 exf4 3. Nf3 d5 4. exd5 Nf6 5. Bb5+ c6 6. dxc6 Nxc6 7. Nc3 Bd6 8. Qe2+ Be6 9. Nd4 O-O 10. Nxe6 fxe6 11. Bxc6 bxc6 12. b3 e5 13. Bb2 Qa5 14. O-O-O Ba3 15. Rhe1 Rae8 16. Qc4+ Kh8 17. Qxc6 Rc8 18. Qa4 Bxb2+ 19. Kxb2 Qc5 20. Qa3 Qd4 21. Qa5 Rfe8 22. a3 Ng4 23. Re4 Qf2 24. Re2 Qd4 25. Rde1 Nxh2 26. Rxe5 Rf8 27. Qd5 Qxd5 28. Rxd5 f3 29. gxf3 Nxf3 30. Re7 Rfd8 31. Rxd8+ Rxd8 32. d3 h5 33. Ne2 g5 34. b4 h4 35. b5 g4 36. Rf7 Ne5 37. Rf5 Re8 38. Rh5+ Kg7 39. Rxh4 Kf6 40. Nc3 Kg5 41. Rh7 g3 42. Ne4+ Kf4 43. Rg7 Ng4 44. Rf7+ Ke3 45. Nxg3 1-0


[Site "https://www.chess.com"]

[Event "Titled Tuesday Blitz February 15 Late 2022"]
[White "Kozak, Adam"]
[Black "Milosevic, Milos"]
[WhiteFideId "753246"]
[BlackFideId "964875"]
[WhiteElo "2459"]
[BlackElo "2198"]
[Result "0-1"]
[Round "02"]
[TimeControl "180+1"]
[Date "2022.02.16"]
[WhiteClock "0:00:08"]
[BlackClock "0:00:23"]

1. e4 c6 2. d4 d5 3. Nc3 dxe4 4. Nxe4 Bf5 5. Ng3 Bg6 6. f4 e6 7. Nf3 Nd7 8. Bd3 Bxd3 9. Qxd3 g6 10. O-O Bg7 11. c3 Ne7 12. Qe2 O-O 13. h4 Nd5 14. h5 c5 15. hxg6 hxg6 16. c4 N5f6 17. d5 exd5 18. f5 Re8 19. Qc2 Qc7 20. Ne2 Ng4 21. fxg6 Rxe2 22. gxf7+ Kf8 23. Qxe2 Bd4+ 24. Kh1 Ndf6 25. cxd5 Nh5 26. Qe1 Ng3+ 27. Qxg3 Qxg3 28. Bg5 Kg7 29. Nh4 Qh2# 0-1


[Site "https://www.chess.com"]

[Event "Titled Tuesday Blitz February 15 Late 2022"]
[White "Koziorowicz, Michal"]
[Black "Kostiukov, Alexandr"]
[WhiteFideId "21809194"]
[BlackFideId "14108100"]
[WhiteElo "2166"]
[BlackElo "2202"]
[Result "1-0"]
[Round "02"]
[TimeControl "180+1"]
[Date "2022.02.16"]
[WhiteClock "0:00:15"]
[BlackClock "0:00:07"]

1. e4 c5 2. Nf3 g6 3. d4 cxd4 4. Qxd4 Nf6 5. Nc3 Nc6 6. Qa4 d6 7. e5 dxe5 8. Nxe5 Bg7 9. Nxc6 bxc6 10. Qxc6+ Bd7 11. Qf3 O-O 12. Be2 Qb6 13. O-O Bc6 14. Qe3 Qb7 15. f3 Rac8 16. Rb1 Nd5 17. Nxd5 Bxd5 18. b3 Rxc2 19. a4 Rfc8 20. Bd2 Bc3 21. Rfd1 Bxd2 22. Rxd2 R8c3 23. Rd3 Rxd3 24. Qxd3 Rc7 25. b4 e6 26. a5 Qc8 27. Qe3 a6 28. b5 axb5 29. Bxb5 Rc3 30. Qd4 Rc1+ 31. Rxc1 Qxc1+ 32. Bf1 Qa3 33. a6 h5 34. h4 Qa2 35. Kh2 Qb1 36. Bd3 Qa2 37. a7 Bxf3 38. Bf1 Bd5 39. Kg3 Qa3+ 40. Kh2 Qd6+ 41. Kg1 Qa3 42. Be2 Kh7 43. Bf3 Bxf3 44. gxf3 Qxf3 45. Qf2 Qb7 46. Kh2 e5 47. Qa2 Qa8 48. Qxf7+ Kh6 49. Qc7 Qf3 50. Qc1+ Kh7 51. Qd2 e4 52. a8=Q e3 53. Qd7+ 1-0


[Site "https://www.chess.com"]

[Event "Titled Tuesday Blitz February 15 Late 2022"]
[White "Kraus, Tomas"]
[Black "Tanenbaum, Zachary"]
[WhiteFideId "331708"]
[BlackFideId "2060850"]
[WhiteElo "2389"]
[BlackElo "2168"]
[Result "0-1"]
[Round "02"]
[TimeControl "180+1"]
[Date "2022.02.16"]
[WhiteClock "0:00:05"]
[BlackClock "0:00:19"]

1. e4 e5 2. Nf3 Nc6 3. Nc3 Nf6 4. d4 exd4 5. Nxd4 Bb4 6. Nxc6 bxc6 7. Bd3 d5 8. exd5 O-O 9. O-O cxd5 10. Bg5 c6 11. Qf3 Be7 12. h3 Rb8 13. b3 Be6 14. Ne2 c5 15. c3 Re8 16. Nf4 Qd7 17. Nxe6 fxe6 18. Rae1 Rf8 19. Qe2 h6 20. Bh4 Rb6 21. Bb1 Bd6 22. Kh1 Qf7 23. Qxe6 Qxe6 24. Rxe6 g5 25. Bg3 Bxg3 26. Rxb6 axb6 27. fxg3 Nh5 28. Rxf8+ Kxf8 29. Kh2 Ke7 30. Bg6 Nf6 31. g4 Kd6 32. Kg3 Ke5 33. Kf3 d4 34. cxd4+ Kxd4 35. g3 Kc3 36. Bf7 b5 37. a4 bxa4 38. bxa4 Kb4 39. Ke3 Kxa4 40. Kd3 Kb4 41. Be6 Kb5 42. h4 Kb4 43. hxg5 hxg5 44. Bd5 Nxd5 0-1


[Site "https://www.chess.com"]

[Event "Titled Tuesday Blitz February 15 Late 2022"]
[White "Krishnan, Varun"]
[Black "Ardila, Oscar Humberto"]
[WhiteFideId "5054508"]
[BlackFideId "4404742"]
[WhiteElo "2478"]
[BlackElo "1898"]
[Result "1-0"]
[Round "02"]
[TimeControl "180+1"]
[Date "2022.02.16"]
[WhiteClock "0:02:30"]
[BlackClock "0:00:20"]

1. e4 e5 2. Nf3 Nc6 3. Bb5 Nf6 4. d3 Bc5 5. O-O d6 6. c3 O-O 7. d4 exd4 8. cxd4 Bb6 9. Nc3 Bg4 10. Bxc6 bxc6 11. Be3 d5 12. e5 Ne4 13. h3 Bh5 14. a4 a5 15. Rc1 f6 16. g4 Bg6 17. e6 h5 18. Nh4 Qe8 19. Nxg6 Qxg6 20. Nxe4 Qxe4 21. Rxc6 hxg4 22. Qxg4 f5 23. Qxe4 fxe4 24. Kg2 Rae8 25. f3 Rf6 26. fxe4 Rfxe6 27. e5 Rg6+ 28. Rxg6 1-0


[Site "https://www.chess.com"]

[Event "Titled Tuesday Blitz February 15 Late 2022"]
[White "Kujawski, Adam"]
[Black "Kobo, Ori"]
[WhiteFideId "1100920"]
[BlackFideId "2812320"]
[WhiteElo "2053"]
[BlackElo "2420"]
[Result "0-1"]
[Round "02"]
[TimeControl "180+1"]
[Date "2022.02.16"]
[WhiteClock "0:00:02"]
[BlackClock "0:00:43"]

1. e4 c5 2. Nf3 e6 3. d4 cxd4 4. Nxd4 a6 5. c4 Nf6 6. Nc3 Qc7 7. Bd3 b6 8. O-O Bb7 9. b3 Be7 10. Bb2 d6 11. Kh1 Nbd7 12. Bc2 Nc5 13. Qe2 O-O 14. f4 g6 15. e5 dxe5 16. fxe5 Ne8 17. Ne4 Nxe4 18. Bxe4 Ng7 19. Bxb7 Qxb7 20. Rad1 Rac8 21. Bc1 Rfd8 22. Bh6 Bc5 23. Bxg7 Kxg7 24. Nf3 h6 25. Rxd8 Rxd8 26. Rd1 Rxd1+ 27. Qxd1 Qe4 28. g3 b5 29. cxb5 axb5 30. Kg2 g5 0-1


[Site "https://www.chess.com"]

[Event "Titled Tuesday Blitz February 15 Late 2022"]
[White "Kushko, Dmitriy"]
[Black "Antonio, Jorge Carlos"]
[WhiteFideId "14162261"]
[BlackFideId "113190"]
[WhiteElo "2225"]
[BlackElo "2247"]
[Result "1-0"]
[Round "02"]
[TimeControl "180+1"]
[Date "2022.02.16"]
[WhiteClock "0:01:14"]
[BlackClock "0:01:41"]

1. Nf3 d5 2. g3 c6 3. Bg2 Nf6 4. O-O g6 5. b3 Bg7 6. Bb2 O-O 7. c4 e6 8. d4 Nbd7 9. Nc3 a5 10. Nd2 b6 11. e4 dxe4 12. Ndxe4 Nxe4 13. Nxe4 Qc7 14. Qc2 Bb7 15. c5 b5 16. Nd6 Nf6 17. f4 Nd5 18. Bxd5 exd5 19. f5 f6 20. Rae1 Bc8 21. Bc1 g5 22. h4 h6 23. hxg5 hxg5 24. Kg2 Bd7 25. Qe2 a4 26. b4 a3 27. Rh1 Be8 28. Qg4 Rd8 29. Qh3 Rxd6 30. cxd6 Qxd6 31. Qh7+ Kf7 32. Qg6+ Kg8 33. Rxe8 Qxb4 34. Rxf8+ Kxf8 35. Rh7 Qe7 36. Bxa3 Qxa3 37. Qxg7+ Ke8 38. Qd7+ Kf8 39. Rh8# 1-0


[Site "https://www.chess.com"]

[Event "Titled Tuesday Blitz February 15 Late 2022"]
[White "Kwon, Sehyun"]
[Black "Iturrizaga Bonelli, Eduardo"]
[WhiteFideId "13203088"]
[BlackFideId "3901211"]
[WhiteElo "1778"]
[BlackElo "2646"]
[Result "0-1"]
[Round "02"]
[TimeControl "180+1"]
[Date "2022.02.15"]
[WhiteClock "0:00:01"]
[BlackClock "0:00:50"]

1. e4 c5 2. Nf3 Nc6 3. Bb5 g6 4. O-O Bg7 5. Re1 e5 6. Bxc6 dxc6 7. a3 a5 8. a4 Ne7 9. d3 h6 10. Na3 Be6 11. Be3 b6 12. Qc1 g5 13. Nd2 O-O 14. Nf1 f5 15. exf5 Nxf5 16. Ng3 Nh4 17. Nc4 Rb8 18. Bd2 Bh3 19. gxh3 Qd7 20. Re4 Qxh3 21. Rxh4 gxh4 22. Ne4 Qg4+ 23. Kh1 Qf3+ 24. Kg1 Kh7 25. Qd1 Qf5 26. Qe2 Bh8 27. Kh1 Rg8 28. Rg1 Rxg1+ 29. Kxg1 Rg8+ 30. Kh1 Qh3 31. f3 b5 32. Ne3 Rf8 33. Ng2 Rxf3 34. Nf2 Qf5 35. Kg1 e4 36. Qxe4 Bd4 37. Qxf5+ Rxf5 38. Be3 h3 39. Bxd4 cxd4 40. Ne1 bxa4 0-1


[Site "https://www.chess.com"]

[Event "Titled Tuesday Blitz February 15 Late 2022"]
[White "Ladan, Nicholas"]
[Black "Al Hosani, Omran"]
[WhiteFideId "30918855"]
[BlackFideId "9308733"]
[WhiteElo "2339"]
[BlackElo "2246"]
[Result "0-1"]
[Round "02"]
[TimeControl "180+1"]
[Date "2022.02.16"]
[WhiteClock "0:00:04"]
[BlackClock "0:00:15"]

1. d4 Nf6 2. Nf3 d5 3. Bf4 g6 4. e3 Bg7 5. h3 O-O 6. Be2 c5 7. O-O Nc6 8. c3 Ne4 9. Nbd2 Nxd2 10. Qxd2 Qb6 11. Rfd1 Rd8 12. dxc5 Qxc5 13. Bc7 Rd7 14. Bh2 e5 15. b4 Qe7 16. Bb5 Rd8 17. a3 Bf5 18. Qa2 a6 19. Ba4 Be4 20. Nd2 Bd3 21. Bb3 d4 22. exd4 exd4 23. c4 Be2 24. Re1 d3 25. Rac1 Nd4 26. c5 Bh6 27. Bc4 Nf3+ 28. gxf3 Qg5+ 29. Bg3 Qxd2 30. Bxf7+ Kf8 31. Qe6 Qg5 32. h4 Qe7 33. Qxe7+ Kxe7 34. Bc4 Bxc1 35. Bxd3 Rxd3 36. Rxe2+ Kf7 37. Bd6 Bxa3 38. Re7+ Kf6 39. Rxb7 Re8 40. Kg2 Bb2 41. f4 Bd4 42. c6 Re2 43. c7 Rxf2+ 44. Kg1 Rd1# 0-1


[Site "https://www.chess.com"]